 Dungeon Crawl Stone Soup version 0.31-a0-662-g684573625c (webtiles) character file.

Game seed: 6609555872024496210

3607 kae the Arsonist (level 10, 0/64 HPs)
             Began as a Tengu Fire Elementalist on Aug 31, 2023.
             Was a Believer of Vehumet.
             Slain by a steam dragon (4 damage)
             ... on level 8 of the Dungeon.
             The game lasted 00:07:42 (9535 turns).

kae the Arsonist (Tengu Fire Elementalist)          Turns: 9535, Time: 00:07:42

Health: 0/64       AC:  2    Str:  7    XL:     10   Next: 11%
Magic:  0/17       EV: 31    Int: 24    God:    Vehumet [**....]
Gold:   423        SH:  0    Dex: 12    Spells: 4/17 levels left

rFire   . . .        (no weapon)
rCold   . . .        (no shield)
rNeg    . . .        a - +0 robe
rPois   .            (helmet restricted)
rElec   .            (no cloak)
rCorr   .            (no gloves)
SInv    +            (boots unavailable)
Will    +....        G - amulet of guardian spirit
Stlth   ++           v - ring of see invisible
HPRegen 0.30/turn    m - ring of willpower
MPRegen 0.15/turn

%: acrobat, guardian spirit
@: acrobatic, flying
A: beak, talons 3, evasive flight, acrobatic, clever 1, clumsy 1
a: Renounce Religion


You were on level 8 of the Dungeon.
You worshipped Vehumet.
Vehumet was pleased with you.
You visited 2 branches of the dungeon, and saw 9 of its levels.

You collected 423 gold pieces.


Innate Abilities, Weirdness & Mutations

You have a beak for a mouth.
You have claws for feet.
Your magical flight helps you evade attacks. (EV +4)
You can magically evade attacks while moving or waiting.
Your mind is acute. (Int +4, Str/Dex -1)
You are clumsy. (Dex -2)


   Skills:
 + Level 8.2 Fighting
 - Level 2.1 Dodging
 - Level 2.0 Stealth
 - Level 4.0 Spellcasting
 - Level 5.0 Conjurations
 - Level 4.0 Hexes
 - Level 10.0 Fire Magic


You had 4 spell levels left.
You knew the following spells:

 Your Spells              Type           Power      Damage    Failure   Level
a - Foxfire               Conj/Fire      100%       2x1d9     1%          1
b - Scorch                Fire           100%       2d9       1%          2
c - Inner Flame           Hex/Fire       38%        N/A       1%          3
d - Volatile Blastmotes   Fire/Tloc      56%        2d14      3%          3
e - Flame Wave            Conj/Fire      40%        2d11      4%          4

Your spell library contained the following spells:

 Spells                   Type           Power      Damage    Failure   Level
 Static Discharge         Conj/Air       32%        2-4/arc   5%          2
 Ensorcelled Hibernation  Hex/Ice        28%        N/A       6%          2
 Ignite Poison            Fire/Tmut/Pois 20%        N/A       8%          3
 Sandblast                Erth           8%         2d5       10%         1
 Stone Arrow              Conj/Erth      32%        3d9       11%         3
 Portal Projectile        Hex/Tloc       28%        N/A       13%         3
 Cigotuvi's Dreadful Rot  Necr/Pois/Air  8%         N/A       14%         2
 Passwall                 Tmut/Erth      3%         N/A       14%         2
 Call Canine Familiar     Summ           4%         N/A       28%         3
 Ozocubu's Armour         Ice            4%         N/A       28%         3
 Swiftness                Air            4%         N/A       28%         3
 Leda's Liquefaction      Hex/Erth       7%         N/A       38%         4
 Freezing Cloud           Conj/Ice/Air   6%         6-21      80%         5
 Ozocubu's Refrigeration  Ice            2%         4d7       100%        7

Inventory:

Missiles
 d - 82 stones
Armour
 a - a +0 robe (worn)
Jewellery
 m - a ring of willpower (right hand)
   (You found it on level 2 of the Dungeon)
 u - an amulet of reflection
   (You found it on level 7 of the Dungeon)
 v - a ring of see invisible (left hand)
   (You found it on level 1 of the Dungeon)
 G - an amulet of guardian spirit (around neck)
   (You found it on level 5 of the Dungeon)
 R - a ring of resist corrosion
   (You found it on level 7 of the Dungeon)
Wands
 c - a wand of light (4)
   (You took it off Ijyb on level 3 of the Dungeon)
 s - a wand of flame (15)
   (You found it on level 6 of the Dungeon)
Scrolls
 e - a scroll of enchant weapon
 g - 2 scrolls of fear
 j - 2 scrolls of vulnerability {!r!r}
 o - a scroll of blinking {!r}
 p - a scroll of revelation
 r - a scroll of poison {!r}
Potions
 b - 3 potions of magic
 h - 3 potions of ambrosia
 i - a potion of enlightenment
 k - a potion of heal wounds {@q2}
 l - 2 potions of haste {@q3}
 n - a potion of invisibility
 q - a potion of berserk rage {!q}
 t - a potion of lignification {!q}
 w - 2 potions of degeneration {!q}
 x - a potion of might

Dungeon Overview and Level Annotations

Branches:
Dungeon (8/15) Zot: 26975  Temple (1/1) D:5 Zot: 5956
   Lair: D:8-11

Altars:
Cheibriados
Dithmenos
Elyvilon
Fedhas
Gozag
Hepliaklqana
Kikubaaqudgha
Makhleb
Nemelex Xobeh
Okawaru
Qazlal
Ru
Trog
Uskayaw
Vehumet
Wu Jian
Xom
Yredelemnul
Zin
The Shining One

Shops:
D:1 *   D:5 [   D:7 [ D:8

= ...... .....$
###.$...+
#....>...
###..T.....
##....∩.o...
#..)........
#####.§DS....#
#....§§@.....#
.....§..§.......
......§.........
.....§..........
#..##..##...#..#
#. ### ####### .


You could see a troll, a steam dragon, a water moccasin and an orc.


Message History

You conjure some foxfire!
The wight hits you with a +0 war axe!
You feel drained.
The foxfire hits the wight.
The foxfire hits the wight but does no damage.
The wight completely misses you. 😕 HP[-11] MP[-5]
You now have 62 max hp (-2).
You take 11 damage, and now have 53/62 hp.
You lost 5 mp, and now have 10/17 mp.
Casting: Foxfire (safe; 1% risk of failure)
Confirm with . or Enter, or press ? or * to list all spells.
Casting: Flame Wave (dangerous; 4% risk of failure)
Press: ? - help, Dir - look around, f - activate A wave of flame ripples out!
The flame wave engulfs the wight!
The flame wave engulfs the wight!!
You destroy the wight!
Vehumet accepts your kill.
The flame wave engulfs the wight!
You destroy the wight!
Vehumet accepts your kill.
You feel your power returning. (Press . to intensify the flame waves.)
The wight hits you with a +2 dagger of speed.
Your life force feels restored.
Your Fighting skill increases to level 8! 😕 HP[-1] MP[-2]
You now have 64 max hp (+2).
You lost 2 mp, and now have 8/17 mp.
A wave of flame ripples out!
The flame wave engulfs the wight!
You destroy the wight!
Vehumet accepts your kill.
You feel your power returning.
You hear an angry hiss. x2
A wave of flame ripples out!
You finish channelling waves of flame.
You hear a shout! 😕 MP[-1]
You lost 1 mp, and now have 7/17 mp.
A steam dragon comes into view. 😕 HP[+1] MP[+1]
A steam dragon is nearby!
Unknown command.
A steam dragon is nearby!
Casting: Flame Wave (dangerous; 4% risk of failure)
Confirm with . or Enter, or press ? or * to list all spells.
You conjure some foxfire!
The foxfire hits the steam dragon. 😕 HP[+1] MP[-1]
You lost 1 mp, and now have 7/17 mp.
Casting: Foxfire (safe; 1% risk of failure)
Confirm with . or Enter, or press ? or * to list all spells.
You conjure some foxfire!
The foxfire hits the steam dragon but does no damage.
The steam dragon breathes steam at you. The ball of steam hits your foxfire.
Your foxfire resists.
The ball of steam hits you!
You hear a shout!
You are engulfed in a cloud of scalding steam.
The foxfire hits the steam dragon. 😮 HP[-19] MP[-4]
You take 19 damage, and now have 35/64 hp.
MASSIVE DAMAGE!! (PAUSE)
You lost 4 mp, and now have 3/17 mp.
Things that are here:
a +4 flail; a +0 robe
Casting: Foxfire (safe; 1% risk of failure)
Confirm with . or Enter, or press ? or * to list all spells.
You conjure some foxfire!
A water moccasin comes into view.
The foxfire hits the steam dragon. x2
A troll comes into view. 😮 HP[+1]
Casting: Foxfire (safe; 1% risk of failure)
Confirm with . or Enter, or press ? or * to list all spells.
You conjure some foxfire!
An orc comes into view. It is wielding a +0 mace.
The steam dragon breathes steam at you. The ball of steam hits you!
* * * LOW HITPOINT WARNING * * *
You are engulfed in a cloud of scalding steam.
* * * LOW HITPOINT WARNING * * *
The foxfire hits the steam dragon. x2; The orc throws a stone.
The stone completely misses you. 😱 HP[-21] MP[-2]
You take 21 damage, and now have 15/64 hp.
MASSIVE DAMAGE!! (PAUSE)
You lost 2 mp, and now have 1/17 mp.
Casting: Foxfire (safe; 1% risk of failure)
Confirm with . or Enter, or press ? or * to list all spells.
You conjure some foxfire!
You are engulfed in a cloud of scalding steam.
* * * LOW HITPOINT WARNING * * *
The steam dragon bites you.
* * * LOW HITPOINT WARNING * * *
The steam dragon barely misses you.
You are engulfed in a cloud of scalding steam.
* * * LOW HITPOINT WARNING * * *
The foxfire hits the steam dragon but does no damage. x2
The water moccasin completely misses you.
The steam dragon bites you.
You die...

Skill      XL: |  1  2  3  4  5  6  7  8  9 10 |
---------------+-------------------------------+-----
Conjurations   | 2 3 4 5 |  5.0
Fire Magic     | 4 5 6 7 9 10 | 10.0
Spellcasting   | 3 4 |  4.0
Hexes          | 1 2 3 4 |  4.0
Fighting       | 7 8 |  8.2
Dodging        | |  2.1
Stealth        | |  2.0

Action                     |  1- 3 |  4- 6 |  7- 9 | 10-12 || total
---------------------------+-------+-------+-------+-------++-------
  Melee: Unarmed           |     4 |    15 |       |       ||    19
         Kick              |     1 |     2 |       |       ||     3
         Peck              |     1 |     2 |       |       ||     3
   Cast: Foxfire           |    45 |   109 |   136 |    11 ||   301
         Scorch            |       |    14 |    39 |       ||    53
         Inner Flame       |       |     1 |     8 |       ||     9
         Flame Wave        |       |       |     3 |     1 ||     4
  Evoke: Wand              |       |       |     1 |       ||     1
    Use: Scroll            |     5 |     1 |    12 |       ||    18
         Potion            |       |     5 |       |       ||     5
 Armour: Robe              |     9 |    26 |    36 |    11 ||    82
  Dodge: Dodged            |    19 |    63 |    58 |     4 ||   144

Levels and vault maps discovered:
D:1:      dpeg_arrival_round_c, layout_loops_corners, serial_shops, shop,
          minmay_misc_feat_enclosed, chequers_serial_rivers_large_a
D:2:      minmay_razor_zed, layout_loops_corners,
          dreamdust_ecumenical_altar_grove, lexackson_kobold_supper
D:3:      kennysheep_goblin_castle, layout_basic
D:4:      layout_cave_pools, nicolae_overflow_crystal_walls
D:5:      layout_loops_corners, mainiacjoe_overflow_cross_hatched,
          minmay_temple_entry_arrows, serial_shops, shop
D:6:      nicolae_cairo_tiling_very_big, layout_cave_pools
D:7:      cheibrodos_fertilizer, layout_loops_corners, marbit_many_paths,
          serial_shops, nicolae_shop_behind_doors, grunt_ministairs_12
D:8:      layout_gridville, serial_shops, nicolae_stop_n_shop_1,
          uniq_prince_ribbit1
Temple:   bh_familiar_temple

Notes
Turn   | Place    | Note
-------+----------+-------------------------------------------
     0 | D:1      | kae the Tengu Fire Elementalist began the quest for the
                  | Orb.
     0 | D:1      | Reached XP level 1. HP: 10/10 MP: 4/4
     0 | D:1      | magus.rc [v1.11.3]
   121 | D:1      | You pick up a book of Geomancy and begin reading...
   121 | D:1      | You add the spells Sandblast, Passwall and Stone Arrow to
                  | your library.
   283 | D:1      | Reached XP level 2. HP: 15/15 MP: 0/6
   345 | D:1      | Learned a level 2 spell: Scorch
   625 | D:1      | Found Etaruhom's Assorted Antiques.
   693 | D:1      | Reached skill level 2 in Conjurations
  1305 | D:2      | Reached skill level 4 in Fire Magic
  1305 | D:2      | Reached XP level 3. HP: 18/19 MP: 4/7
  1357 | D:2      | You fall into a shaft and drop 1 floor!
  1397 | D:3      | Reached XP level 4. HP: 24/24 MP: 3/8
  1840 | D:2      | Reached skill level 3 in Conjurations
  2477 | D:2      | Reached XP level 5. HP: 28/28 MP: 6/10
  2505 | D:2      | Reached skill level 5 in Fire Magic
  2755 | D:2      | You add the spells Cigotuvi's Dreadful Rot, Ignite Poison
                  | and Freezing Cloud to your library.
  2862 | D:2      | Found a faded altar of an unknown god.
  3228 | D:3      | Identified the +2 mace of a Million Bounties {venom, rPois
                  | rC+}
  3240 | D:3      | Noticed Ijyb
  3246 | D:3      | HP: 4/28 [Ijyb/bolt of light (11)]
  3252 | D:3      | Gained mutation: You are clumsy. (Dex -2) [potion of
                  | mutation]
  3252 | D:3      | Gained mutation: Your mind is acute. (Int +4, Str/Dex -1)
                  | [potion of mutation]
  3276 | D:3      | You pick up a book of Geomancy and begin reading...
  3381 | D:3      | Reached skill level 3 in Spellcasting
  3712 | D:3      | Learned a level 3 spell: Inner Flame
  3721 | D:3      | Killed Ijyb
  3722 | D:3      | Reached XP level 6. HP: 32/32 MP: 2/11
  4002 | D:4      | Reached skill level 4 in Conjurations
  4145 | D:4      | You add the spells Ozocubu's Armour and Ozocubu's
                  | Refrigeration to your library.
  4154 | D:4      | HP: 3/32 [orc priest/divine providence (16)]
  4278 | D:3      | Reached skill level 6 in Fire Magic
  4401 | D:4      | Reached skill level 1 in Hexes
  4401 | D:4      | Gained mutation: Your magical flight helps you evade
                  | attacks. (EV +4) [Tengu growth]
  4401 | D:4      | Reached XP level 7. HP: 36/36 MP: 5/13
  4561 | D:4      | You pick up a book of the Hunter and begin reading...
  4561 | D:4      | You add the spells Call Canine Familiar, Portal Projectile
                  | and Leda's Liquefaction to your library.
  4598 | D:4      | Found a hazy altar of Hepliaklqana.
  4871 | D:5      | Entered Level 5 of the Dungeon
  4882 | D:5      | Learned a level 3 spell: Volatile Blastmotes
  4887 | D:5      | Learned a level 4 spell: Flame Wave
  5002 | D:5      | HP: 7/36 [sleepcap (7)]
  5176 | D:5      | Reached skill level 5 in Conjurations
  5260 | D:5      | Reached skill level 4 in Spellcasting
  5260 | D:5      | Reached skill level 7 in Fire Magic
  5317 | D:5      | Found Pihirgh's Armour Shoppe.
  5495 | D:5      | You pick up a book of Burglary and begin reading...
  5495 | D:5      | You add the spells Ensorcelled Hibernation and Swiftness to
                  | your library.
  5511 | D:5      | Found an iron altar of Okawaru.
  5668 | D:5      | Found a staircase to the Ecumenical Temple.
  5780 | Temple   | Entered the Ecumenical Temple
  5802 | Temple   | Became a worshipper of Vehumet
  5884 | D:5      | Reached skill level 2 in Hexes
  5884 | D:5      | Reached XP level 8. HP: 33/41 MP: 12/15
  6189 | D:6      | Reached skill level 8 in Fire Magic
  6500 | D:6      | Reached skill level 3 in Hexes
  6584 | D:6      | Reached skill level 9 in Fire Magic
  7117 | D:7      | Found Zittiobele's Armour Shoppe.
  7317 | D:7      | Noticed a yak
  7317 | D:7      | Noticed a yak
  7318 | D:7      | Noticed a yak
  7318 | D:7      | Noticed a yak
  7326 | D:7      | Noticed a yak
  7385 | D:7      | Reached XP level 9. HP: 45/45 MP: 11/16
  7573 | D:7      | Reached * piety under Vehumet
  7573 | D:7      | Offered knowledge of Kiss of Death by Vehumet.
  7573 | D:7      | HP: 4/45 [spore (38)]
  7898 | D:7      | Reached skill level 10 in Fire Magic
  7920 | D:7      | Reached skill level 4 in Hexes
  7920 | D:7      | Reached skill level 1 in Fighting
  8070 | D:7      | Reached skill level 3 in Fighting
  8070 | D:7      | HP: 5/50 [cloud of flame (18)]
  8429 | D:7      | HP: 8/51 [ice beast (13)]
  8431 | D:7      | Reached skill level 4 in Fighting
  8789 | D:7      | Reached skill level 5 in Fighting
  9020 | D:7      | Found a glowing silver altar of Zin.
  9371 | D:7      | Reached skill level 6 in Fighting
  9388 | D:7      | Offered knowledge of Static Discharge by Vehumet.
  9389 | D:7      | Reached skill level 7 in Fighting
  9389 | D:7      | Reached XP level 10. HP: 63/63 MP: 5/17
  9511 | D:8      | Found Hororeoh's Jewellery Shoppe.
  9518 | D:8      | Reached ** piety under Vehumet
  9519 | D:8      | Reached skill level 8 in Fighting
  9533 | D:8      | HP: 15/64 [steam dragon] (7)]
  9534 | D:8      | HP: 7/64 [steam dragon (2)]
  9535 | D:8      | HP: 3/64 [steam dragon] (4)]
  9535 | D:8      | Slain by a steam dragon

Vanquished Creatures
  2 slime creatures (D:7)
  5 yaks (D:7)
  2 ice beasts (D:7)
  3 black bears
  3 ogres
  2 centaurs
  2 phantoms
  5 scorpions
  4 bullfrogs
  6 wights
  3 hounds
  2 jellies (D:7)
  4 orc priests
  2 iguanas
  A sleepcap (D:5)
  Ijyb (D:3)
  5 orc wizards
  5 adders
  A shadow imp (D:7)
  2 white imps
  An ufetubus (D:6)
  2 dart slugs (D:2)
  19 orcs
  4 ball pythons
  9 bats
  9 endoplasms
  A giant cockroach (D:2)
  4 hobgoblins
  8 jackals
  20 kobolds
  4 quokkas
  4 frilled lizards
  14 goblins
  5 rats
164 creatures vanquished.

Vanquished Creatures (collateral kills)
  2 foxfires (D:2)
2 creatures vanquished.

Vanquished Creatures (others)
  2 goblins (D:3)
  496 foxfires
498 creatures vanquished.

Grand Total: 664 creatures vanquished

Table legend:
 A = Non-vault XP
 B = Vault XP
 C = Vault XP percentage of total XP
 D = Non-vault monster count
 E = Vault monster count
 F = Vault count percentage of total count
                 A         B        C        D         E       F
            +---------+---------+-------+---------+---------+-------
      Total |    4096 |    1057 |  20.5 |     114 |      50 |  30.5
            +---------+---------+-------+---------+---------+-------
        D:1 |      23 |       0 |   0.0 |      14 |       0 |   0.0
        D:2 |      71 |      29 |  29.0 |      22 |      16 |  42.1
        D:3 |     263 |      54 |  17.0 |      12 |      10 |  45.5
        D:4 |     382 |       0 |   0.0 |      15 |       0 |   0.0
        D:5 |     394 |       0 |   0.0 |       5 |       0 |   0.0
        D:6 |     994 |       0 |   0.0 |      17 |       0 |   0.0
        D:7 |    1751 |     974 |  35.7 |      26 |      24 |  48.0
        D:8 |     218 |       0 |   0.0 |       3 |       0 |   0.0
            +---------+---------+-------+---------+---------+-------

Skill      XL: |  1  2  3  4  5  6  7  8  9 10 |
---------------+-------------------------------+-----
Conjurations   | 2 3 4 5 |  5.0
Fire Magic     | 4 5 6 7 9 10 | 10.0
Spellcasting   | 3 4 |  4.0
Hexes          | 1 2 3 4 |  4.0
Fighting       | 7 8 |  8.2
Dodging        | |  2.1
Stealth        | |  2.0

Action                     |  1- 3 |  4- 6 |  7- 9 | 10-12 || total
---------------------------+-------+-------+-------+-------++-------
  Melee: Unarmed           |     4 |    15 |       |       ||    19
         Kick              |     1 |     2 |       |       ||     3
         Peck              |     1 |     2 |       |       ||     3
   Cast: Foxfire           |    45 |   109 |   136 |    11 ||   301
         Scorch            |       |    14 |    39 |       ||    53
         Inner Flame       |       |     1 |     8 |       ||     9
         Flame Wave        |       |       |     3 |     1 ||     4
  Evoke: Wand              |       |       |     1 |       ||     1
    Use: Scroll            |     5 |     1 |    12 |       ||    18
         Potion            |       |     5 |       |       ||     5
 Armour: Robe              |     9 |    26 |    36 |    11 ||    82
  Dodge: Dodged            |    19 |    63 |    58 |     4 ||   144

Illustrated notes

Table legend:
 A = Kills in this place as a percentage of kills in the entire game.
 B = Kills by you in this place as a percentage of kills by you in the entire game.
 C = Kills by friends in this place as a percentage of kills by friends in the entire game.
 D = Other kills in this place as a percentage of other kills in the entire game.
 E = Experience gained in this place as a percentage of experience gained in the entire game.
 F = Experience gained in this place divided by the number of levels of this place that you have seen.
                   A       B       C       D       E      F
               +-------+-------+-------+-------+-------+----------------------
         Total | 100.0 | 100.0 |   N/A |   N/A | 100.0 | 572.6
       Dungeon | 100.0 | 100.0 |   N/A |   N/A | 100.0 | 644.1
               +-------+-------+-------+-------+-------+----------------------

Table legend: (Time is in decaauts)
 A = Elapsed time spent in this place.
 B = Non-inter-level travel time spent in this place.
 C = Inter-level travel time spent in this place.
 D = Time resting spent in this place.
 E = Time spent auto-exploring this place.
 F = Levels seen in this place.
 G = Mean time per level.
                   A        B        C        D        E       F      G
               +--------+--------+--------+--------+--------+-----+--------+
         Total |   9532 |   9180 |    352 |    496 |   7388 |   9 | 1059.1 |
       Dungeon |   9488 |   9179 |    309 |    496 |   7388 |   8 | 1186.0 |
        Temple |     43 |      1 |     42 |      0 |      0 |   1 |   43.0 |
               +--------+--------+--------+--------+--------+-----+--------+

Top non-repeatable levels by time:
     D:7: 2452 daAuts
     D:2: 1638 daAuts
     D:3: 1270 daAuts
     D:5: 1226 daAuts
     D:1: 1197 daAuts
     D:6: 918 daAuts
     D:4: 761 daAuts
  Temple: 43 daAuts
     D:8: 23 daAuts
